Map: Prion Terraces

Players

Uply - Winner!

  • Race: Zerg Zerg

JusticeSimon

  • Race: Protoss Protoss
  • League: Master

VOD

Have the link to the VOD?

Description

Time

  • Played on: March 13, 2016, 4:13 a.m.
  • Length: 10:06
Show
View Real Time Build Order
Export as new Build Order

Uply Zerg - Winner!

Build Orders: Hatch First 

Get SALT Encoding   

  12  0:01  Drone  
  13  0:14  Overlord  
  13  0:18  Drone  
  14  0:25  Drone, Extractor  
  15  0:32  Drone  
  16  0:35  Drone  
  17  0:53  Hatchery  
  17  0:55  Drone  
  17  0:59  Drone  
  18  1:13  Spawning Pool  
  17  1:26  Drone x2  
  19  1:38  Overlord  
  19  1:55  Drone x2  
  19  1:59  Hatchery  
  20  2:07  Queen  
  22  2:13  Zergling x2  
  22  2:14  Drone  
  24  2:17  Drone  
  25  2:23  Queen  
  27  2:33  Drone x3  
  27  2:36  Overlord  
  30  2:47  Queen  
  32  3:00  Drone x2, Extractor  
  32  3:01  Roach Warren  
  32  3:02  Queen, Extractor  
  32  3:04  Drone x2  
  36  3:05  Drone  
  36  3:10  Drone  
  37  3:13  Drone x2  
  37  3:29  Drone x4  
  37  3:30  Drone x2  
  37  3:32  Drone x2  
  44  3:44  Drone x2  
  46  3:54  Extractor  
  45  3:57  Evolution Chamber  
  44  4:05  Spore Crawler  
  44  4:06  Spore Crawler x2  
  44  4:09  Overlord x2  
  41  4:10  Roach  
  41  4:11  Roach x2  
  41  4:12  Roach  
  48  4:27  Zerg Missile Weapons Level 1  
  48  4:28  Metabolic Boost  
  48  4:31  Zergling x2  
  48  4:32  Zergling x8  
  48  4:35  Drone x3  
  48  4:36  Drone x2  
  48  4:37  Drone x2  
  60  4:43  Overlord  
  60  4:44  Overlord x2  
  60  4:58  Extractor  
  59  5:08  Drone x6  
  59  5:10  Drone x2  
  67  5:26  Roach x6  
  79  5:36  Overlord x4  
  79  5:38  Hatchery  
  74  5:58  Lair  
  74  5:59  Roach  
  74  6:00  Roach x7  
  90  6:06  Spore Crawler  
  90  6:10  Extractor  
  88  6:12  Extractor  
  88  6:16  Zergling x2  
  88  6:17  Zergling x4  
  88  6:44  Roach x9  
  88  6:46  Overlord x3  
  106  6:48  Zerg Melee Weapons Level 1  
  106  6:57  Overseer  
  106  6:58  Overseer  
  104  7:13  Spawning Pool  
  103  7:17  Hatchery  
  102  7:23  Glial Reconstitution  
  102  7:24  Drone  
  102  7:25  Drone x12  
  115  7:35  Extractor  
  115  7:36  Overseer  
  114  7:40  Extractor  
  113  7:45  Drone x2  
  113  7:49  Ravager  
  113  7:50  Ravager x8  
  124  7:53  Overlord x2  
  124  7:54  Overlord  
  124  8:11  Zergling x20  
  134  8:20  Zergling x2  
  130  8:29  Zergling x12  
  130  8:30  Zergling x6  
  135  8:35  Zergling x2  
  135  8:38  Zergling x2  
  134  8:46  Roach x3  
  139  8:51  Ravager x3  
  139  8:55  Zergling x8  
  141  8:59  Ravager x8  
  141  9:00  Zergling x2  
  141  9:01  Zergling x2  
  148  9:06  Hydralisk Den  
  140  9:21  Zergling x6  
  140  9:22  Zergling x26  
  132  9:36  Zergling x10  
Show
View Real Time Build Order
Export as new Build Order

JusticeSimon Protoss 

Build Orders: 1 Gate Expand, Dark Templar Rush 

Get SALT Encoding   

  12  0:01  Probe (Chrono Boost)  
  13  0:11  Probe (Chrono Boost)  
  14  0:18  Pylon  
  14  0:22  Probe (Chrono Boost)  
  15  0:36  Probe (Chrono Boost)  
  16  0:47  Gateway, Probe (Chrono Boost)  
  17  0:50  Assimilator  
  17  0:57  Probe (Chrono Boost)  
  18  1:08  Probe (Chrono Boost)  
  19  1:24  Nexus  
  19  1:36  Cybernetics Core  
  19  1:38  Probe (Chrono Boost)  
  20  1:44  Assimilator  
  20  1:51  Probe (Chrono Boost)  
  21  1:58  Pylon  
  22  2:01  Probe (Chrono Boost)  
  22  2:12  Probe (Chrono Boost)  
  22  2:14  Warp Gate  
  23  2:16  Adept  
  23  2:22  Probe (Chrono Boost)  
  26  2:29  Pylon  
  26  2:33  Probe (Chrono Boost)  
  26  2:37  Probe (Chrono Boost)  
  28  2:43  Probe (Chrono Boost)  
  29  2:47  Robotics Facility  
  29  2:49  Probe (Chrono Boost)  
  30  2:58  Twilight Council  
  30  3:01  Probe (Chrono Boost)  
  30  3:04  Probe (Chrono Boost)  
  32  3:09  Adept  
  34  3:13  Probe (Chrono Boost)  
  35  3:31  Probe x2 (Chrono Boost)  
  35  3:32  Warp Prism  
  35  3:34  Assimilator  
  35  3:35  Assimilator  
  35  3:38  Dark Shrine  
  37  3:43  Stalker (Chrono Boost)  
  37  3:47  Probe x2  
  41  4:04  Probe x2  
  41  4:07  Pylon  
  43  4:14  Gateway  
  43  4:15  Gateway  
  43  4:18  Gateway  
  43  4:21  Probe x2  
  45  4:26  Observer  
  46  4:36  Pylon  
  46  4:37  Adept  
  48  4:39  Probe x2  
  48  4:41  Pylon  
  50  4:57  Dark Templar  
  52  5:09  Dark Templar  
  52  5:10  Dark Templar  
  52  5:14  Dark Templar  
  58  5:21  Immortal, Twilight Council  
  62  5:32  Mothership Core  
  62  5:35  Nexus  
  64  5:47  Dark Templar x2  
  66  5:59  Pylon  
  66  6:01  Pylon  
  66  6:02  Pylon  
  66  6:03  Pylon  
  66  6:16  Immortal  
  62  6:35  Probe  
  62  6:36  Probe  
  62  6:37  Pylon  
  62  6:39  Stalker x4  
  72  6:42  Blink (Chrono Boost)  
  70  6:47  Probe  
  70  6:53  Probe, Immortal  
  71  6:54  Probe  
  71  7:00  Probe  
  78  7:06  Probe  
  78  7:07  Stalker x4  
  85  7:24  Probe  
  85  7:25  Probe x2  
  85  7:28  Immortal  
  85  7:29  Gateway  
  88  7:30  Gateway  
  88  7:34  Gateway  
  88  7:35  Pylon x2  
  92  7:37  Probe  
  92  7:42  Sentry x4  
  101  7:44  Probe  
  101  7:45  Probe  
  101  7:48  Assimilator  
  101  7:49  Assimilator  
  103  7:52  Gateway  
  103  8:07  Stalker x4  
  111  8:18  Probe  
  111  8:19  Probe x2  
  87  8:42  Robotics Bay  
  87  8:43  Stalker x4  
  87  8:59  Stalker  
  87  9:00  Stalker x3  
  93  9:09  Adept x3  
  99  9:10  Adept  
  68  9:31  Stalker x2  
  68  9:32  Stalker x2  
  62  9:44  Zealot x4  
Tags
 
Add a new tag
Caveats
  • Supply blocks, unpowered buildings, or Contaminate may cause inaccurate times.
  • Supply counts are checked every 10 seconds.